 Dungeon Crawl Stone Soup version 0.30-a0-802-gb92711bcdf (webtiles) character file.

Game seed: 17645586358882257609

26711 porpoise the Basher (level 13, -6/101 HPs)
             Began as a Demonspawn Brigand on Feb 25, 2023.
             Was a High Priest of Ignis.
             Mangled by a cane toad (13 damage)
             ... on level 3 of the Lair of Beasts.
             The game lasted 01:22:01 (16242 turns).

porpoise the Basher (Demonspawn Brigand)           Turns: 16242, Time: 01:22:01

Health: -6/101     AC: 14    Str: 14    XL:     13   Next: 0%
Magic:  13/13      EV: 20    Int: 19    God:    Ignis [*****.]
Gold:   1053       SH:  8    Dex: 19    Spells: 12/12 levels left

rFire   + + .      SeeInvis .    a - +8 whip "Noepen" {freeze, Fly rC- Int+3}
rCold   x x .      Faith    .    o - +2 buckler
rNeg    . . .      Spirit   .    h - +1 ring mail "Qoni" {Will+}
rPois   +          Reflect  .    k - +1 hat
rElec   .          Harm     .    i - +1 cloak
rCorr   .          Rampage  .    A - +0 pair of gloves {Str+3}
Will    ++...                    (no boots)
Stlth   +++                      R - amulet of regeneration
HPRegen 1.16/turn                j - ring of Raczungi {Fire rPois Will+ Dex+2}
MPRegen 0.13/turn                q - +5 ring of evasion

@: flying, slowed, very slow
A: hooves 2, yellow scales 1, demonic guardian 3, spiny 2
a: Renounce Religion, Fiery Armour, Foxfire Swarm, Rising Flame


You were on level 3 of the Lair of Beasts.
You worshipped Ignis.
Ignis was extremely pleased with you.
You visited 3 branches of the dungeon, and saw 14 of its levels.
You also visited: Sewer and Gauntlet.

You collected 1053 gold pieces.

Inventory:

Hand Weapons
 a - the +8 whip "Noepen" (weapon) {freeze, Fly rC- Int+3}
   (You found it on level 3 of the Dungeon)

   Int:       It affects your intelligence (+3).
   rC:        It makes you vulnerable to cold.
   Fly:       It grants you flight.
 w - a +1 flail of draining
 G - a -2 demon whip of venom
Armour
 h - the +1 ring mail "Qoni" (worn) {Will+}
   (You found it on level 2 of the Lair of Beasts)

   Will:      It increases your willpower.
 i - a +1 cloak (worn)
 k - a +1 hat (worn)
 o - a +2 buckler (worn)
 A - a +0 pair of gloves of strength (worn)
 I - +0 acid dragon scales
Jewellery
 b - a +5 ring of evasion
 j - the ring of Raczungi (left hand) {Fire rPois Will+ Dex+2}
   (You found it in a Gauntlet)

   [ring of fire]

   It enhances your fire magic.
   Dex:       It affects your dexterity (+2).
   rF:        It protects you from fire.
   rC:        It makes you vulnerable to cold.
   rPois:     It protects you from poison.
   Will:      It increases your willpower.
 q - a +5 ring of evasion (right hand)
 x - a ring of ice
 R - an amulet of regeneration (around neck)
Wands
 c - a wand of polymorph (8)
 m - a wand of mindburst (4)
 p - a wand of paralysis (2) (quivered)
 M - a wand of flame (15)
 O - a wand of roots (5)
 T - a wand of digging (9)
Scrolls
 e - 5 scrolls of teleportation
 f - a scroll of silence
 g - 7 scrolls of identify
 n - a scroll of blinking
 s - a scroll of butterflies
 y - 3 scrolls of vulnerability
 B - 2 scrolls of magic mapping
 D - 3 scrolls of fear
 Z - a scroll of poison
Potions
 d - a potion of might
 l - a potion of flight
 r - 2 potions of attraction
 v - 4 potions of curing
 Q - 5 potions of lignification
 U - 2 potions of cancellation


   Skills:
 + Level 9.2 Fighting
 - Level 5.6 Short Blades
 + Level 10.2 Maces & Flails
 - Level 6.0 Throwing
 - Level 7.0 Armour
 - Level 9.0 Dodging
 + Level 5.1 Stealth
 - Level 5.0 Shields
 - Level 5.0 Evocations


You had 12 spell levels left.
You didn't know any spells.
Your spell library contained the following spells:

 Spells                   Type           Power      Damage    Failure   Level
 Animate Dead             Necr           0%         N/A       99%         4
 Borgnjor's Vile Clutch   Necr/Erth      0%         N/A       100%        5
 Death Channel            Necr           0%         N/A       100%        6


Dungeon Overview and Level Annotations

Branches:
Dungeon (10/15)            Temple (1/1) D:5            Lair (3/5) D:9
  Swamp (0/4) Lair:2          Orc (0/2) D:10          Sewer (visited)
Gauntlet (visited)
  Snake: Lair:2-3    Spider: Lair:2-3

Altars:
Ashenzari
Cheibriados
Dithmenos
Fedhas
Gozag
Hepliaklqana
Kikubaaqudgha
Makhleb
Nemelex Xobeh
Okawaru
Qazlal
Ru
Sif Muna
Trog
Uskayaw
Vehumet
Wu Jian
Xom
Yredelemnul
Ignis
Jiyva

Shops:
D:9 :

Annotations:
D:8 1 transporter, soul19's ghost, novice TrFi
D:9 3 runed translucent doors, sirJeffrey23's ghost, novice DrEE


Innate Abilities, Weirdness & Mutations

You have hoof-like feet.
You are partially covered in yellow scales. (AC +2)
A powerful demonic guardian rushes to your aid.
You are mostly covered in sharp spines.


Message History

You block the torpor snail's attack.
You hit the torpor snail but do no damage.
The torpor snail is moderately wounded.
The cane toad is struck by your spines. The cane toad completely misses you.
The death yak completely misses you. The cane toad stings you!
What are your orders? t - Shout!
Orders for allies: a - Attack new target. r - Retreat! s - Stop attacking. g - Guard the area. f - Follow me.
Anything else - Cancel.
You shout for attention!
The torpor snail bites you. You block the cane toad's attack.
The death yak completely misses you.
You whack the death yak! You freeze the death yak.
You kick the death yak, but do no damage.
The death yak is almost dead.
The cane toad is struck by your spines. The cane toad closely misses you.
The death yak completely misses you.
The torpor snail is struck by your spines.
The torpor snail bites you. The cane toad barely misses you.
You hit the death yak but do no damage.
You kick the death yak, but do no damage.
The death yak is almost dead.
The death yak gores you!
* * * LOW HITPOINT WARNING * * *
The cane toad stings you but does no damage.
The torpor snail misses you.
You hit the death yak but do no damage.
The death yak is almost dead.
The death yak is struck by your spines. The death yak closely misses you.
The cane toad stings you!
* * * LOW HITPOINT WARNING * * *
A demonic guardian appears!
You hit the death yak. You freeze the death yak. You kick the death yak.
You kill the death yak!
The torpor snail bites you!
* * * LOW HITPOINT WARNING * * *
The cane toad is struck by your spines. The cane toad stings you!
You die...

##.. ....# #P.. ....###
#.P. .....## ##.. #.....
#r. .#..# #.. # ###...#
##### #.. ##.#...wF##
#...## #.. .......@.3#
##...# ##..
.........####....####...
..P.#^...........#.#††..
..P ##...........##.#...
P #..................
#....#.............
#....#.##...[.###...
#....####....P# ##..
.....## ##....# #..


You could see a torpor snail, a cane toad (ally target) and a friendly soul
eater (summoned, slow).

Vanquished Creatures
  A blizzard demon (Gauntlet)
  Harold (Lair:1)
  A catoblepas (Lair:2)
  2 two-headed ogres (D:10)
  3 death yaks
  Amaemon (Lair:1)
  A necromancer (Gauntlet)
  A cyclops (D:8)
  8 cane toads
  A black mamba (Lair:1)
  A gargoyle (D:10)
  A rime drake (Lair:2)
  An orange demon (Lair:1)
  2 polar bears
  A raiju (Gauntlet)
  2 tyrant leeches (Lair:2)
  15 blink frogs
  A wraith (D:10)
  Sigmund (D:3)
  4 wyverns
  3 steam dragons
  19 yaks
  3 basilisks
  A human (D:10)
  Edmund (D:4)
  A warg (D:10)
  2 acid dragons (D:10)
  Duvessa (D:4)
  2 water moccasins
  5 orc warriors
  2 black bears (D:6)
  2 ice beasts (D:6)
  2 sky beasts
  An ogre (D:6)
  7 wolves
  3 centaurs
  Blork the orc (D:4)
  2 gnoll sergeants
  A necrophage (D:5)
  6 bullfrogs
  5 scorpions
  Dowan (D:4)
  10 killer bees
  2 electric eels (Lair:1)
  3 howler monkeys (D:9)
  4 hounds
  Crazy Yiuf (D:4)
  5 orc priests
  A gnoll bouda (D:10)
  2 jellies
  2 iguanas (D:5)
  Jessica (D:2)
  8 orc wizards
  6 hell rats (Lair:3)
  14 gnolls
  20 adders
  4 river rats (D:4)
  A white imp (Gauntlet)
  6 dart slugs
  34 orcs
  4 bats
  11 endoplasms
  13 giant cockroaches
  5 goblins
  8 hobgoblins
  5 jackals
  13 quokkas
  15 ball pythons
  8 frilled lizards
  6 kobolds
  10 rats
342 creatures vanquished.

Vanquished Creatures (collateral kills)
  A minotaur (Gauntlet)
  A two-headed ogre (D:9)
  A death yak (Lair:2)
  A skyshark (Lair:2)
  An ice devil (Gauntlet)
  A hornet (Lair:1)
  6 yaks
  A water moccasin (Lair:1)
  A gnoll (D:5)
  A white imp (D:5)
  2 orcs
  A quokka (Sewer)
18 creatures vanquished.

Vanquished Creatures (others)
  7 fungi
  10 plants
17 creatures vanquished.

Grand Total: 377 creatures vanquished

Notes
Turn   | Place    | Note
-------+----------+-------------------------------------------
     0 | D:1      | porpoise the Demonspawn Brigand began the quest for the
                  | Orb.
     0 | D:1      | Reached XP level 1. HP: 16/16 MP: 1/1
    97 | D:1      | Reached skill level 1 in Dodging
   192 | D:1      | Gained mutation: You have large cloven feet. [demonic
                  | ancestry]
   192 | D:1      | Reached XP level 2. HP: 3/22 MP: 2/2
   598 | D:1      | Reached XP level 3. HP: 28/28 MP: 3/3
  1337 | D:2      | Noticed Jessica
  1341 | D:2      | Killed Jessica
  1342 | D:2      | Gained mutation: A weak demonic guardian rushes to your
                  | aid. [demonic ancestry]
  1342 | D:2      | Reached XP level 4. HP: 34/34 MP: 4/4
  1357 | D:2      | Found a faded altar of an unknown god.
  1429 | D:2      | Prayed at the altar of an unknown god.
  1429 | D:2      | Became a worshipper of Ignis, the Dying Flame
  1971 | D:3      | You fall into a shaft and drop 1 floor!
  2100 | D:4      | Noticed a scorpion
  2110 | D:4      | Killed a scorpion
  2111 | D:4      | Gained mutation: You are partially covered in sharp spines.
                  | [demonic ancestry]
  2111 | D:4      | Reached XP level 5. HP: 39/41 MP: 5/5
  2128 | D:4      | Noticed Duvessa
  2132 | D:4      | Noticed Dowan
  2158 | D:4      | Killed Duvessa
  2159 | D:4      | Gained mutation: A demonic guardian rushes to your aid.
                  | [demonic ancestry]
  2159 | D:4      | Reached XP level 6. HP: 28/47 MP: 6/6
  2166 | D:4      | Killed Dowan
  2331 | D:4      | Found a glowing drain.
  2340 | Sewer    | Entered a sewer
  2613 | Sewer    | Reached skill level 5 in Stealth
  2996 | Sewer    | Reached skill level 5 in Short Blades
  2996 | Sewer    | Gained mutation: You have hoof-like feet. [demonic
                  | ancestry]
  2996 | Sewer    | Reached XP level 7. HP: 28/54 MP: 7/7
  3333 | D:4      | Noticed Edmund
  3355 | D:4      | Killed Edmund
  3898 | D:3      | Identified the +8 whip "Noepen" {freeze, Fly rC- Int+3}
  3991 | D:3      | Noticed Sigmund
  3999 | D:3      | Killed Sigmund
  4000 | D:3      | Reached skill level 1 in Maces & Flails
  4354 | D:4      | Reached skill level 2 in Maces & Flails
  4354 | D:4      | Gained mutation: You are partially covered in yellow
                  | scales. (AC +2) [demonic ancestry]
  4354 | D:4      | Reached XP level 8. HP: 61/61 MP: 8/8
  4450 | D:4      | Found a shimmering altar of Xom.
  4452 | D:4      | Found a shimmering altar of Xom.
  4453 | D:4      | Found a shimmering altar of Xom.
  4541 | D:4      | Found a runed translucent door.
  4542 | D:4      | Noticed Crazy Yiuf
  4549 | D:4      | Killed Crazy Yiuf
  4550 | D:4      | Reached skill level 5 in Fighting
  4616 | D:4      | Noticed Blork the orc
  4622 | D:4      | Killed Blork the orc
  4785 | D:5      | Entered Level 5 of the Dungeon
  4804 | D:5      | Reached skill level 3 in Maces & Flails
  5348 | D:5      | Reached skill level 4 in Maces & Flails
  5787 | D:5      | Found a staircase to the Ecumenical Temple.
  5831 | Temple   | Entered the Ecumenical Temple
  6217 | D:6      | Gained mutation: You are mostly covered in sharp spines.
                  | [demonic ancestry]
  6217 | D:6      | Reached XP level 9. HP: 61/71 MP: 9/9
  6440 | D:6      | Reached skill level 5 in Dodging
  7046 | D:7      | Reached skill level 1 in Armour
  7130 | D:7      | Reached skill level 5 in Maces & Flails
  7164 | D:7      | HP: 1/72 [yak (11)]
  7648 | D:8      | Noticed a cyclops
  7664 | D:8      | Killed a cyclops
  7665 | D:8      | Reached skill level 6 in Maces & Flails
  7665 | D:8      | Reached XP level 10. HP: 75/79 MP: 10/10
  8112 | D:8      | Found a sacrificial altar of Ru.
  8624 | D:8      | Found a transporter.
  8627 | D:8      | Identified the +7 great mace of Rotation {drain, rPois}
  8628 | D:8      | Noticed soul19's ghost (novice TrFi)
  8776 | D:9      | Found a runed translucent gate.
  8777 | D:9      | Found a runed translucent gate.
  8778 | D:9      | Found a runed translucent gate.
  8780 | D:9      | Noticed sirJeffrey23's ghost (novice DrEE)
  8784 | D:9      | Found a viscous altar of Jiyva.
  8822 | D:9      | Found Ameschez's Book Shop.
  8851 | D:9      | Found a burning altar of Makhleb.
  8852 | D:9      | Found a blossoming altar of Fedhas.
  8854 | D:9      | Found a shadowy altar of Dithmenos.
  8988 | D:9      | Reached skill level 1 in Evocations
  9487 | D:9      | Noticed a two-headed ogre
  9503 | D:9      | Killed a two-headed ogre
  9504 | D:9      | Reached skill level 5 in Armour
 10044 | D:9      | Found a staircase to the Lair.
 10081 | D:9      | Reached skill level 7 in Maces & Flails
 10671 | D:10     | Entered Level 10 of the Dungeon
 10790 | D:10     | Found a staircase to the Orcish Mines.
 11558 | D:10     | Noticed a gargoyle
 11563 | D:10     | Killed a gargoyle
 11563 | D:10     | Noticed a two-headed ogre
 11563 | D:10     | Noticed a two-headed ogre
 11564 | D:10     | Reached XP level 11. HP: 57/84 MP: 11/11
 11580 | D:10     | Killed a two-headed ogre
 11583 | D:10     | Killed a two-headed ogre
 11584 | D:10     | Reached skill level 8 in Maces & Flails
 11584 | D:10     | Reached skill level 5 in Evocations
 11881 | D:10     | Noticed a +0 dagger
 11881 | D:10     | Noticed a +0 hand axe
 11882 | D:10     | Found a hide-covered altar of Uskayaw.
 12366 | Lair:1   | Entered Level 1 of the Lair of Beasts
 12366 | Lair:1   | Noticed Amaemon
 12382 | Lair:1   | Killed Amaemon
 12383 | Lair:1   | Reached skill level 1 in Shields
 12652 | Lair:1   | Paralysed by a hornet for 2 turns
 12712 | Lair:1   | Found a gate leading to a gauntlet.
 12717 | Gauntlet | Entered a Gauntlet
 12717 | Gauntlet | Noticed a necromancer
 12717 | Gauntlet | Found a transporter.
 12717 | Gauntlet | Found a transporter.
 12829 | Gauntlet | Found a transporter.
 12834 | Gauntlet | Found a transporter.
 12840 | Gauntlet | Found a runed translucent gate.
 12840 | Gauntlet | Found a runed translucent gate.
 12840 | Gauntlet | Found a runed translucent gate.
 12842 | Gauntlet | Found a transporter.
 12846 | Gauntlet | Found a transporter.
 12854 | Gauntlet | Noticed a blizzard demon
 12860 | Gauntlet | Found a transporter.
 12871 | Gauntlet | Noticed a thrashing horror
 12873 | Gauntlet | Found a runed translucent door.
 12874 | Gauntlet | Found a transporter.
 12875 | Gauntlet | Found a runed translucent door.
 12875 | Gauntlet | Noticed a thrashing horror
 12891 | Gauntlet | Found a transporter.
 12895 | Gauntlet | Found a transporter.
 12899 | Gauntlet | Found a runed translucent door.
 12900 | Gauntlet | Found a runed translucent door.
 12903 | Gauntlet | Found a transporter.
 12907 | Gauntlet | Found a transporter.
 12965 | Gauntlet | Reached skill level 9 in Maces & Flails
 12969 | Gauntlet | Killed a necromancer
 13217 | Gauntlet | Killed a blizzard demon
 13377 | Gauntlet | Identified the ring of Raczungi {Fire rPois Will+ Dex+2}
 13401 | Gauntlet | Noticed a minotaur
 13428 | Gauntlet | Killed a minotaur
 13627 | Lair:1   | Reached skill level 5 in Shields
 13635 | Lair:1   | Gained mutation: A powerful demonic guardian rushes to your
                  | aid. [demonic ancestry]
 13635 | Lair:1   | Reached XP level 12. HP: 83/91 MP: 12/12
 13646 | Lair:1   | Reached skill level 10 in Maces & Flails
 14129 | Lair:1   | Noticed Harold
 14141 | Lair:1   | Killed Harold
 14809 | Lair:2   | Identified the +1 ring mail "Qoni" {Will+}
 14948 | Lair:2   | Found a staircase to the Swamp.
 14969 | Lair:2   | Reached skill level 5 in Throwing
 15319 | Lair:2   | Noticed a catoblepas
 15336 | Lair:2   | Killed a catoblepas
 15351 | Lair:2   | Noticed a death yak
 15354 | Lair:2   | Noticed a death yak
 15354 | Lair:2   | Noticed a death yak
 15378 | Lair:2   | Killed a death yak
 15713 | Lair:2   | Killed a death yak
 15713 | Lair:2   | Killed a death yak
 16217 | Lair:3   | Reached XP level 13. HP: 101/101 MP: 13/13
 16242 | Lair:3   | Mangled by a cane toad

Illustrated notes

Levels and vault maps discovered:
D:1:      minmay_arrival_glassed_features, layout_basic, minmay_small_reverse_x
D:2:      layout_basic, dreamdust_ecumenical_altar_statues, serial_bayou,
          serial_bayou_shore_b, serial_bayou_pond_b, serial_bayou_lagoon_a,
          serial_bayou_lake_a, serial_bayou_pond_c, minmay_domino_4,
          uniq_jessica
D:3:      layout_basic, minmay_pentangle, uniq_sigmund
D:4:      layout_loops_cross, xom_redecorated, tso_metal_star,
          portal_sewer_entry_e, hangedman_decor_slide_cut,
          hangedman_abyss_or_decor_passed, grunt_ministairs_14, uniq_duvessa,
          uniq_crazy_yiuf_cottage, uniq_edmund, uniq_blork_the_orc
D:5:      layout_rooms, minmay_temple_entry_glassed_door
D:6:      layout_gridville
D:7:      layout_basic
D:8:      layout_loops_ring, mainiacjoe_overflow_small_starburst,
          gammafunk_ghost_smash
D:9:      layout_grid_maze, mainiacjoe_overflow_alcove_3, lair_entry_dummy,
          gammafunk_ghost_ooze, minmay_shop_grid_forest
D:10:     layout_basic, dancing_weapons_uskayaw, erik_orc_4, chequers_avenue,
          kennysheep_dice
Temple:   eino_temple_lava
Lair:1:   layout_regular_city, gauntlet_entry_generic, serial_bayou_pond_a,
          serial_bayou_shore_b, grunt_megastairs_2, infiniplex_staircase_pool,
          lemuel_fruit_tree, uniq_amaemon, uniq_harold
Lair:2:   layout_gridlike, minmay_swamp_entry_worms, lemuel_fruit_fields
Lair:3:   dreamdust_labyrinth, layout_concentric_octagons, dummy_snake_entry,
          uniq_prince_ribbit2

Skill      XL: |  1  2  3  4  5  6  7  8  9 10 11 12 |
---------------+-------------------------------------+-----
Dodging        | 1 2 4 6 7 9 |  9.0
Short Blades   | 2 3 4 5 |  5.6
Throwing       | 2 3 6 |  6.0
Stealth        | 4 5 |  5.1
Fighting       | 3 4 6 7 9 |  9.2
Maces & Flails | 2 4 6 7 9 10 | 10.2
Armour         | 3 6 7 |  7.0
Evocations     | 4 5 |  5.0
Shields        | 5 |  5.0

Action                     |  1- 3 |  4- 6 |  7- 9 | 10-12 | 13-15 || total
---------------------------+-------+-------+-------+-------+-------++-------
  Melee: Dagger            |   117 |   193 |    53 |       |       ||   363
         Kick              |    23 |     6 |       |   225 |    12 ||   266
         Punch             |     1 |     2 |     2 |     4 |       ||     9
         Whip              |       |       |   186 |   615 |    14 ||   815
         Unarmed           |       |       |    20 |       |       ||    20
  Throw: Dart              |    12 |    10 |    49 |    41 |       ||   112
         Throwing net      |       |       |     1 |     1 |       ||     2
  Evoke: Wand              |       |       |       |     6 |       ||     6
    Use: Scroll            |       |    11 |     8 |    10 |       ||    29
         Potion            |       |     1 |     3 |     9 |       ||    13
   Stab: Sleeping          |       |     3 |    12 |     7 |       ||    22
         Invisible         |       |     3 |       |       |       ||     3
         Held in net/web   |       |       |     1 |     2 |       ||     3
         Distracted        |       |       |     1 |       |       ||     1
 Armour: Robe              |     6 |       |       |       |       ||     6
         Scale mail        |    17 |       |       |       |       ||    17
         Ring mail         |    11 |    80 |    91 |    52 |     5 ||   239
         Skin              |       |       |     8 |       |       ||     8
         Acid dragon scale |       |       |       |    33 |       ||    33
  Dodge: Dodged            |    39 |    69 |   125 |   307 |    14 ||   554
  Block: Buckler           |       |       |       |   108 |     7 ||   115

Table legend: (Time is in decaauts)
 A = Elapsed time spent in this place.
 B = Non-inter-level travel time spent in this place.
 C = Inter-level travel time spent in this place.
 D = Time resting spent in this place.
 E = Time spent auto-exploring this place.
 F = Levels seen in this place.
 G = Mean time per level.
                   A        B        C        D        E       F      G
               +--------+--------+--------+--------+--------+-----+--------+
         Total |  16020 |  15626 |    394 |   4769 |   7466 |  16 | 1001.2 |
       Dungeon |  11321 |  10993 |    328 |   3071 |   5884 |  10 | 1132.1 |
        Temple |     59 |     50 |      9 |      0 |     43 |   1 |   59.0 |
          Lair |   2843 |   2787 |     56 |    724 |   1355 |   3 |  947.7 |
         Sewer |    942 |    942 |      0 |    511 |     73 |   1 |  942.0 |
      Gauntlet |    854 |    854 |      0 |    462 |    110 |   1 |  854.0 |
               +--------+--------+--------+--------+--------+-----+--------+

Top non-repeatable levels by time:
     D:9: 1937 daAuts
    D:10: 1640 daAuts
     D:4: 1634 daAuts
  Lair:1: 1492 daAuts
  Lair:2: 1176 daAuts
     D:8: 1104 daAuts
     D:1: 1009 daAuts
     D:2: 974 daAuts
   Sewer: 942 daAuts
     D:6: 918 daAuts
Gauntlet: 854 daAuts
     D:5: 749 daAuts
     D:7: 734 daAuts
     D:3: 619 daAuts
  Lair:3: 174 daAuts
